AoeStats
← Olfrombox

Arena

506695483Analyzed
2v2 RM · 16d ago on Sep 14, 2026· 83m 56s· 4 players
Game mode
Random Map
Map size
Medium (4 player)
Population
200
Speed
Normal
Resources
Standard
Victory
Conquest
Starting age
Dark Age
Ending age
Imperial Age
RankedLock teamsTeams togetherTeam positionsShared explorationLock speedFull tech treeHidden civsTurbo modeCheats
Victory
Defeat
🇬🇷 Bulgarians · Greece
583
+19
🇬🇧 Persians · United Kingdom
542
+22
🇬🇧 Franks · United Kingdom
673
-40
🇬🇧 Mongols · United Kingdom
639
-20
Olfrombox
11:52 Feudal Age
19:52 Castle Age
29:48 Imperial Age
28:51 Kamandaran
32:51 Caravan
34:39 Elite War Elephant
34:53 Crossbowman
35:52 Scale Barding Armor
36:47 Chain Barding Armor
36:38 Forging
36:29 Padded Archer Armor
36:27 Fletching
37:07 Husbandry
37:27 Bloodlines
38:52 Plate Barding Armor
38:53 Iron Casting
38:35 Leather Archer Armor
40:02 Thumb Ring
41:03 Blast Furnace
40:00 Bodkin Arrow
50:40 Ring Archer Armor
zataras10
0:27 Loom
20:37 Feudal Age
26:47 Castle Age
28:06 Forging
29:34 Pikeman
30:14 Squires
32:26 Elite Skirmisher
32:59 Fletching
33:09 Padded Archer Armor
35:32 Double-Bit Axe
37:05 Bow Saw
37:53 Horse Collar
39:05 Wheelbarrow
39:28 Bodkin Arrow
39:34 Scale Mail Armor
40:09 Iron Casting
39:50 Leather Archer Armor
43:02 Imperial Age
42:44 Chain Mail Armor
47:52 Halberdier
81:14 Chemistry
83:21 Blast Furnace
82:23 Bracer
82:53 Plate Mail Armor
82:41 Gambesons
83:48 Hand Cart
GladRat
14:23 Feudal Age
16:41 Double-Bit Axe
20:45 Castle Age
19:40 Gold Mining
19:48 Stone Mining
24:59 Fortified Wall
24:45 Murder Holes
25:01 Masonry
24:59 Siphons
28:53 Gold Shaft Mining
28:33 Bow Saw
30:52 Loom
31:42 Wheelbarrow
30:53 Town Watch
31:02 Guard Tower
31:06 Arson
33:42 Ballistics
33:36 Forging
33:26 Scale Mail Armor
33:32 Scale Barding Armor
33:45 Husbandry
37:52 Imperial Age
37:19 Hand Cart
38:43 #83
38:43 Chivalry
39:08 Conscription
38:53 Arrowslits
40:09 Hoardings
40:04 Town Patrol
40:03 Cavalier
42:39 Coinage
42:53 Caravan
45:01 Chemistry
44:08 Siege Engineers
MadmanMike91
8:16 Loom
10:02 Feudal Age
15:10 Castle Age
13:48 Double-Bit Axe
15:35 Scale Barding Armor
16:19 Horse Collar
16:45 Husbandry
16:56 Bloodlines
19:42 Forging
26:38 Wheelbarrow
27:54 Hand Cart
29:40 Chain Barding Armor
31:25 Iron Casting
34:02 Imperial Age
35:11 Fletching
35:21 Padded Archer Armor
36:45 Blast Furnace
36:21 Bodkin Arrow
37:04 Leather Archer Armor
38:22 Caravan
39:17 Bracer
40:18 Heavy Plow
40:46 Bow Saw
40:12 Elite Mangudai
41:26 Town Watch
44:50 Elite Steppe Lancer
48:28 Light Cavalry
52:04 Thumb Ring
52:07 Hussar
60:19 Chemistry
59:40 Ballistics
59:16 Murder Holes
61:23 Stone Mining
61:23 Gold Mining
61:39 Town Patrol
63:19 Gold Shaft Mining
63:19 Stone Shaft Mining
63:57 Masonry
65:43 Heavy Camel Rider
67:58 Onager
70:08 Heavy Camel Rider
72:56 Elite Skirmisher
79:01 Pikeman
79:41 Squires
Connection lost

Rejoining the realm…

Still unreachable

The connection could not be restored.

Session expired

The server has moved on; the page needs a fresh start.